 Dungeon Crawl Stone Soup version 0.17-a0-1393-gcb420ff (webtiles) character file.

5422 Fluffy the Basher (level 10, -12/52 HPs)
             Began as a Gargoyle Fighter on June 16, 2015.
             Was a High Priest of Okawaru.
             Blown up by an eye of devastation (24 damage)
             ... with a bolt of energy
             ... on level 1 of the Abyss.
             The game lasted 00:23:28 (7249 turns).

Fluffy the Basher (Gargoyle Fighter)                Turns: 7249, Time: 00:23:28

Health: -12/52     AC: 19    Str: 18      XL:     10   Next: 67%
Magic:  16/16      EV:  3    Int:  3 (6)  God:    Okawaru [*****.]
Gold:   379        SH:  9    Dex: 12      Spells: 0 memorised, 9 levels left

rFire  . . .     SeeInvis .     E - +0 whip (elec)
rCold  . . .     Rnd*Rage +     F - +0 plate armour
rNeg   + . .     SustAt   .     c - +0 shield
rPois  ∞         Gourm    .     (no helmet)
rElec  +         Spirit   .     h - +0 cloak
rCorr  .         Warding  .     N - +1 pair of gloves
rMut   .         Stasis   .     n - +1 pair of boots
MR     .....                    (no amulet)
Stlth  ..........               (no ring)
                                v - +3 ring of strength

@: not resistant to hostile enchantments, extremely unstealthy
A: berserk 1, blurry vision 2, deformed body, deterioration 1, dopey 2, frail 1,
low mp 1, negative energy resistance 1, screaming 2, electricity resistance,
weak 2, unbreathing, petrification resistance, no device heal 1, rot immunity,
subdued magic 1, MP-powered wands, AC +7
a: Heroism, Finesse, Renounce Religion


You were on level 1 of the Abyss.
You worshipped Okawaru.
Okawaru was extremely pleased with you.
You were near starving.

You visited 1 branch of the dungeon, and saw 8 of its levels.
You visited the Abyss 1 time.
You also visited: Sewer.

You collected 379 gold pieces.

Inventory:

Hand weapons
 E - a +0 whip of electrocution (weapon)
 I - a +1 flail of venom
 L - a +1 flail of holy wrath
Armour
 c - a +0 shield (worn)
 h - a +0 cloak (worn)
 n - a +1 pair of boots (worn)
 F - a +0 plate armour (worn)
 M - the +5 robe "Saeluuch" {Str-3 Int+4 SInv, unknown}
   (You found it on level 1 of the Abyss)

   It affects your strength (-3).
   It affects your intelligence (+4).
   It lets you see invisible.
 N - a +1 pair of gloves (worn)
Jewellery
 v - a +3 ring of strength (left hand)
Magical devices
 a - a wand of lightning (7)
 p - a wand of confusion (31)
 r - a wand of random effects (5)
 w - a wand of frost (13)
 C - a wand of lightning (4)
 G - a wand of teleportation (6)
Scrolls
 g - 5 scrolls of immolation
 y - 3 scrolls of magic mapping
 H - a scroll of enchant weapon
 K - a scroll of enchant armour
 O - 2 scrolls of remove curse
Potions
 b - a potion of berserk rage
 d - 2 potions of might
 i - 2 potions of heal wounds
 k - a potion of brilliance
 l - a potion of flight
 m - 3 potions of cancellation
 o - 4 potions of agility
 q - 3 potions of curing
 s - a potion of resistance
 x - a potion of haste {unknown}
 A - 2 potions of mutation
 B - a potion of ambrosia {unknown}
 D - a potion of lignification {unknown}
 J - a potion of cure mutation {unknown}
Books
 Q - a book of Changes

   Spells                             Type                      Level
   a - Beastly Appendage              Transmutation                1
   b - Sticks to Snakes               Transmutation                2
   c - Spider Form                    Transmutation/Poison         3
   d - Ice Form                       Ice/Transmutation            4
   e - Blade Hands                    Transmutation                5
Comestibles
 e - 12 bread rations
 f - 8 beef jerkies
 t - 7 fruits
 z - 2 meat rations


   Skills:
 + Level 4.9 Fighting
 + Level 10.8 Maces & Flails
 + Level 4.9 Armour
 + Level 4.9 Shields
 - Level 10.5 Invocations


You had 9 spell levels left.
You didn't know any spells.

Dungeon Overview and Level Annotations

Branches:
Dungeon (8/15)             Temple (0/1) D:7
   Lair: D:8-11

Altars:
Dithmenos
Fedhas
Gozag
Okawaru
Ru
Trog
Yredelemnul

Annotations:
D:8 Erolcha


Innate Abilities, Weirdness & Mutations

You are resistant to torment.
Your stone body is resilient (AC +7).
You are immune to poison.
You resist negative energy.
You are resistant to electric shocks.
You can survive without breathing.
You are immune to petrification.
You are immune to rotting.
Armour fits poorly on your strangely shaped body.
You are frail (-10% HP).
[You tend to lose your temper in combat.]
[Scrolls take you longer to read.]
[Your body sometimes deteriorates upon taking damage.]
[You are very dopey. (Int -4)]
[Your magical capacity is low (-10% MP).]
[You sometimes yell uncontrollably at your foes.]
[You are very weak. (Str -4)]
[Potions and wands are less effective at restoring your health.]
[Your spells are a little easier to cast, but a little less powerful.]
[You expend magic power (3 MP) to strengthen your wands.]


Message History

The wretched star pulses with an eldritch light!
Your vision blurs.
You feel yourself wasting away.
The wretched star pulses with an eldritch light!
You feel stupid.
You feel less energetic.
You feel your magical essence link to your wands.
The wretched star pulses with an eldritch light!
You feel a little pissed off.
You feel the urge to shout.
The wretched star pulses with an eldritch light!
Your connection to magic feels subdued.
Your system partially rejects artificial healing.
You feel a strong urge to yell.
An eye of devastation comes into view.
The eye of devastation turns its gaze towards you.
The eye of devastation gazes at you. The bolt of energy hits you!
* * * LOW HITPOINT WARNING * * *
The rock wall explodes into countless fragments.
The eye of devastation gazes at you. The bolt of energy hits you!
You die...

#####
#...#
##.@#
#...#
###.#
#..# ##
#..#
.##.##
##.G##
..
##.#*.#
... ##G
##.##
..


You could see a wretched star and an eye of devastation.

Vanquished Creatures
  The ghost of bal the Covert, an experienced VSMo of Ru (D:8)
  Pikel (D:6)
  The ghost of Badjas the Ducker, an experienced DsGl of Xom (D:6)
  A hornet (shapeshifter) (Abyss:1)
  A smoke demon (Abyss:1)
  An ancient zyme (Abyss:1)
  Grinder (D:4)
  2 ogres
  A wraith (Abyss:1)
  A ynoxinul (Abyss:1)
  3 neqoxecs (Abyss:1)
  A small abomination (Abyss:1)
  Duvessa (D:7)
  An ice beast (D:7)
  A centaur (D:5)
  A necrophage (D:7)
  A crocodile (Sewer)
  3 giant frogs
  Dowan (D:7)
  A wyvern skeleton (D:6)
  A water moccasin skeleton (D:7)
  3 killer bees (D:8)
  3 wights (Abyss:1)
  5 crimson imps
  A jelly (D:5)
  3 hounds
  3 orc priests
  7 worker ants
  An iguana (D:5)
  An orc wizard (D:7)
  9 adders
  A shadow imp (D:6)
  An ufetubus (Abyss:1)
  2 adder skeletons
  3 worms
  2 giant geckos
  20 orcs
  21 bats
  A giant cockroach (D:4)
  11 hobgoblins
  16 jackals
  16 kobolds
  4 quokkas
  A giant gecko skeleton (D:4)
  2 giant newts
  12 goblins
  A jackal skeleton (D:4)
  2 quokka skeletons (D:4)
  5 rats
  A plant (D:7)
184 creatures vanquished.

Vanquished Creatures (others)
  3 slaves (D:6)
  A crimson imp (D:6)
  A hound (D:6)
  A gnoll (D:6)
  2 starspawn tentacles (Abyss:1)
8 creatures vanquished.

Grand Total: 192 creatures vanquished

Notes
Turn   | Place    | Note
--------------------------------------------------------------
     0 | D:1      | Fluffy the Gargoyle Fighter began the quest for the Orb.
     0 | D:1      | Reached XP level 1. HP: 14/14 MP: 1/1
   280 | D:1      | Reached XP level 2. HP: 19/19 MP: 2/2
   755 | D:2      | Reached XP level 3. HP: 18/23 MP: 3/3
   933 | D:2      | Found an iron altar of Okawaru.
   936 | D:2      | Became a worshipper of Warmaster Okawaru
  1100 | D:2      | Reached skill level 4 in Maces & Flails
  1285 | D:2      | Reached XP level 4. HP: 28/28 MP: 4/4
  1366 | D:3      | Reached skill level 1 in Invocations
  1377 | D:3      | Noticed a phantom
  1800 | D:3      | Reached XP level 5. HP: 30/32 MP: 6/6
  2475 | D:4      | Noticed Grinder
  2478 | D:4      | Paralysed by Grinder for 3 turns
  2489 | D:4      | Killed Grinder
  2489 | D:4      | Acquired Okawaru's first power
  2489 | D:4      | Reached skill level 5 in Maces & Flails
  2489 | D:4      | Reached XP level 6. HP: 21/37 MP: 6/9
  3217 | D:5      | Entered Level 5 of the Dungeon
  3309 | D:5      | Reached XP level 7. HP: 37/41 MP: 10/10
  3352 | D:5      | Reached skill level 6 in Maces & Flails
  3669 | D:5      | Reached skill level 5 in Invocations
  3942 | D:5      | Found a shadowy altar of Dithmenos.
  4168 | D:6      | Found a sacrificial altar of Ru.
  4282 | D:6      | Noticed Pikel
  4306 | D:6      | Killed Pikel
  4306 | D:6      | Reached skill level 7 in Maces & Flails
  4306 | D:6      | Reached XP level 8. HP: 40/46 MP: 11/13
  4330 | D:6      | Found a glowing drain.
  4339 | Sewer    | Entered a sewer
  4814 | D:6      | Reached skill level 8 in Maces & Flails
  4923 | D:6      | Reached XP level 9. HP: 37/51 MP: 13/15
  5153 | D:6      | Found a basalt altar of Yredelemnul.
  5240 | D:6      | Found a bloodstained altar of Trog.
  5348 | D:6      | Noticed Badjas's ghost (experienced DsGl)
  5380 | D:6      | Killed Badjas's ghost
  5380 | D:6      | Reached skill level 9 in Maces & Flails
  5493 | D:7      | Noticed Duvessa
  5493 | D:7      | Noticed Dowan
  5652 | D:7      | Killed Duvessa
  5662 | D:7      | Killed Dowan
  5667 | D:7      | Found a shadowy altar of Dithmenos.
  5697 | D:7      | Found a staircase to the Ecumenical Temple.
  5769 | D:7      | Found an opulent altar of Gozag.
  5888 | D:7      | Found a blossoming altar of Fedhas.
  6003 | D:7      | Found a sacrificial altar of Ru.
  6123 | D:8      | Noticed bal's ghost (experienced VSMo)
  6205 | D:8      | Killed bal's ghost
  6205 | D:8      | Reached skill level 10 in Maces & Flails
  6205 | D:8      | Reached skill level 10 in Invocations
  6205 | D:8      | Reached XP level 10. HP: 46/56 MP: 17/17
  6355 | D:8      | Noticed Erolcha
  6367 | D:8      | Cast into the Abyss (Erolcha)
  6374 | Abyss:1  | Got a heavily jewelled robe
  6428 | Abyss:1  | Found a corrupted altar of Lugonu.
  6455 | Abyss:1  | Found a corrupted altar of Lugonu.
  6583 | Abyss:1  | Gained mutation: You are frail (-10% HP). [a neqoxec]
  6596 | Abyss:1  | Noticed a tentacled starspawn
  6603 | Abyss:1  | Noticed a thrashing horror
  6605 | Abyss:1  | Noticed an angel
  6615 | Abyss:1  | Noticed a smoke demon
  6615 | Abyss:1  | HP: 2/50 [thrashing horror (7)]
  6616 | Abyss:1  | Noticed a spatial maelstrom
  6726 | Abyss:1  | Acquired Okawaru's second power
  6734 | Abyss:1  | Noticed a smoke demon
  6875 | Abyss:1  | Noticed a hornet
  6899 | Abyss:1  | Killed a hornet
  7083 | Abyss:1  | Noticed a thrashing horror
  7091 | Abyss:1  | Noticed a smoke demon
  7117 | Abyss:1  | Killed a smoke demon
  7153 | Abyss:1  | Gained mutation: Armour fits poorly on your strangely shaped body. [a neqoxec]
  7221 | Abyss:1  | Noticed a wretched star
  7235 | Abyss:1  | Noticed an eye of devastation
  7249 | Abyss:1  | Blown up by an eye of devastation

Vault maps used:
D:1:      mrwooster_arrival_arrow, serial_co_window_serial, co_window_paths_b,
          co_window_of_opportunity_a, co_window_paths_a,
          co_window_of_opportunity_a, co_window_cross_1, co_window_corner_ca,
          co_window_paths_c, co_window_unsneaky_path_b,
          co_window_of_opportunity_b, glass_columns_a, glass_columns_b,
          glass_columns_b, st_stairs_2
D:2:      lemuel_doored_altar
D:3:      first_bread, st_stairs_12
D:4:      uniq_grinder
D:5:      basic_altar
D:6:      kennysheep_mini_moat, yredelemnul_altar_generic,
          overflow_temple_1_default, portal_sewer_entry_d,
          minmay_stone_trees_small, mrwooster_statue_mirror, uniq_pikel
D:7:      grunt_temple_overflow_open, old_standard_altar,
          minmay_temple_entry_large_hall, grunt_ogre_cave,
          nicolae_ru_the_path_less_chosen, uniq_duvessa
D:8:      nicolae_zen_rock_garden, uniq_erolcha
Sewer:    sewer_big_baddie

Action                   |  1- 3 |  4- 6 |  7- 9 | 10-12 || total
-------------------------+-------+-------+-------+-------++-------
Melee: Flail             |   120 |   208 |   215 |       ||   543
       Whip              |       |       |   276 |   178 ||   454
Invok: Heroism           |       |       |       |     1 ||     1
Evoke: Wand              |       |       |     3 |     1 ||     4
  Use: Scroll            |       |       |    18 |     3 ||    21
       Potion            |       |       |       |     2 ||     2
 Stab: Distracted        |       |       |       |     1 ||     1
  Eat: Chunk             |     1 |     7 |    10 |     1 ||    19
       Pizza             |       |       |       |     1 ||     1
